 Dungeon Crawl Stone Soup version 0.21.1-1-g345015f (webtiles) character file.

384 lysyklops the Chopper (level 6, -2/48 HPs)
             Began as a Demonspawn Berserker on July 13, 2018.
             Was a Priest of Trog.
             Slain by Rwicked's ghost (8 damage)
             ... on level 4 of the Dungeon.
             The game lasted 00:07:23 (3266 turns).

lysyklops the Chopper (Demonspawn Berserker)        Turns: 3266, Time: 00:07:24

Health: -2/48      AC: 11    Str: 19    XL:     6   Next: 47%
Magic:  6/6        EV:  6    Int:  9    God:    Trog [***...]
Gold:   150        SH:  0    Dex: 14    Spells: 5/5 levels left

rFire    + . .     SeeInvis .   a - +0 hand axe
rCold    . . .     Gourm    .   (no shield)
rNeg     . . .     Faith    .   i - +0 plate armour
rPois    .         Spirit   .   (no helmet)
rElec    .         Reflect  .   (no cloak)
rCorr    .         Harm     .   (no gloves)
MR       .....                  (no boots)
Stlth    ..........             (no amulet)
HPRegen  0.16/turn              (no ring)
MPRegen  0.10/turn              (no ring)

@: berserk cooldown, slowed, very slow
A: claws 1, thin skeletal structure 1, fire resistance 1, nightstalker 1, flame
cloud immunity
a: Berserk, Trog's Hand, Burn Spellbooks, Renounce Religion


You were on level 4 of the Dungeon.
You worshipped Trog.
Trog was most pleased with you.
You were very hungry.

You visited 1 branch of the dungeon, and saw 4 of its levels.

You collected 150 gold pieces.

Inventory:

Hand Weapons
 a - a +0 hand axe (weapon)
Armour
 b - a +0 animal skin
 i - a +0 plate armour (worn)
Jewellery
 d - a +3 ring of evasion {unknown}
 e - an uncursed amulet of regeneration {unknown}
 h - a +5 ring of protection {unknown}
 r - an uncursed ring of wizardry {unknown}
Scrolls
 f - 2 scrolls of enchant weapon {unknown}
 g - a scroll of amnesia {unknown}
 j - 3 scrolls of remove curse {unknown}
 k - a scroll of teleportation {unknown}
 l - 2 scrolls of identify {unknown}
 q - a scroll of magic mapping {unknown}
Potions
 m - a potion of ambrosia {unknown}
 n - 3 potions of agility {unknown}
 o - a potion of invisibility {unknown}
 p - a potion of curing {unknown}
 s - a potion of might
Comestibles
 c - 9 rations
 t - 2 chunks of flesh


   Skills:
 + Level 4.2 Fighting
 + Level 4.9 Axes
 + Level 3.4 Armour
 + Level 2.3 Dodging
 - Level 0.7 Stealth


You had 5 spell levels left.
You didn't know any spells.

Dungeon Overview and Level Annotations

Branches:
Dungeon (4/15)
 Temple: D:4-7

Altars:
Fedhas
Okawaru

Annotations:
D:4 Rwicked's ghost, novice MiBe


Innate Abilities, Weirdness & Mutations

You have sharp fingernails.
You have a somewhat thin skeletal structure. (Dex +2, Stealth)
Your flesh is heat resistant. (rF+)
You are slightly more attuned to the shadows.
You are immune to clouds of flame.


Message History

Rwicked's ghost hits you but does no damage.
You hit Rwicked's ghost.
Rwicked's ghost is almost destroyed.
Rwicked's ghost hits you but does no damage.
You hit Rwicked's ghost but do no damage.
Rwicked's ghost is almost destroyed.
You are no longer berserk.
You are exhausted.
You feel yourself slow down.
You barely miss Rwicked's ghost.
Rwicked's ghost is almost destroyed.
Rwicked's ghost hits you! Rwicked's ghost hits you.
You hit Rwicked's ghost but do no damage.
Rwicked's ghost is almost destroyed.
Rwicked's ghost hits you but does no damage.
Rwicked's ghost hits you!
* * * LOW HITPOINT WARNING * * *
Rwicked's ghost stares at you. Rwicked's ghost hits you!
You die...

#####.##
#.......
#.......
#.......
#.......
#.......
#.......
#######.......
#....@W.......
#.#####.......
#.<# #.......
#..# #.......
#..# #.......
#..# ######.#
#..# #..# #..#


You could see Rwicked's ghost.

Vanquished Creatures
  Grinder (D:3)
  The ghost of dscm the Ducker, a weakling OpFi (D:3)
  4 gnolls (D:2)
  6 adders
  2 oozes
  An adder skeleton (D:4)
  2 worms
  3 dart slugs
  4 leopard geckos
  4 giant cockroaches
  10 goblins
  8 hobgoblins
  3 jackals (D:3)
  A quokka (D:3)
  9 bats
  2 frilled lizards (D:1)
  9 kobolds
  9 rats
79 creatures vanquished.

Notes
Turn   | Place    | Note
-------+----------+-------------------------------------------
     0 | D:1      | lysyklops the Demonspawn Berserker began the quest for the Orb.
     0 | D:1      | Reached XP level 1. HP: 18/18 MP: 1/1
    40 | D:1      | Gained mutation: You are slightly more attuned to the shadows. [demonic ancestry]
    40 | D:1      | Reached XP level 2. HP: 20/24 MP: 2/2
   386 | D:1      | Gained mutation: You have sharp fingernails. [demonic ancestry]
   386 | D:1      | Reached XP level 3. HP: 9/29 MP: 3/3
   392 | D:1      | HP: 1/29 [hobgoblin (2)]
   955 | D:1      | Reached ** piety under Trog
  1153 | D:2      | Found a faded altar of an unknown god.
  1285 | D:2      | Gained mutation: Your flesh is heat resistant. (rF+) [demonic ancestry]
  1285 | D:2      | Reached XP level 4. HP: 9/35 MP: 4/4
  2149 | D:3      | Noticed dscm's ghost (weakling OpFi)
  2166 | D:3      | Killed dscm's ghost
  2274 | D:3      | Gained mutation: You are immune to clouds of flame. [demonic ancestry]
  2274 | D:3      | Reached XP level 5. HP: 39/42 MP: 5/5
  2307 | D:3      | Found a blossoming altar of Fedhas.
  2349 | D:3      | Noticed Grinder
  2355 | D:3      | Paralysed by Grinder for 4 turns
  2362 | D:3      | Killed Grinder
  2362 | D:3      | Gained mutation: You have a somewhat thin skeletal structure. (Dex +2, Stealth) [demonic ancestry]
  2362 | D:3      | Reached XP level 6. HP: 48/48 MP: 6/6
  3031 | D:3      | Found an iron altar of Okawaru.
  3047 | D:3      | Reached *** piety under Trog
  3242 | D:4      | Noticed Rwicked's ghost (novice MiBe)
  3266 | D:4      | Slain by Rwicked's ghost

Skill      XL: |  1  2  3  4  5 |
---------------+----------------+-----
Axes           | 3 4 |  4.9
Dodging        | 2 |  2.3
Armour         | 2 3 |  3.4
Fighting       | 4 |  4.2
Stealth        | |  0.7

Action                   |  1- 3 |  4- 6 || total
-------------------------+-------+-------++-------
Melee: Hand axe          |   147 |   172 ||   319
Invok: Berserk           |     1 |     2 ||     3
 Stab: Sleeping          |     2 |       ||     2
       Distracted        |     2 |       ||     2
  Eat: Chunk             |     1 |     8 ||     9
Armor: Animal skin       |    14 |       ||    14
       Plate armour      |    69 |   113 ||   182
Dodge: Dodged            |    85 |    66 ||   151
